 Dungeon Crawl Stone Soup version 0.23.2-1-ga50397a6bc (webtiles) character file.

Game seed: 9444437157034576680

1906 Mrkan the Basher (level 8, 0/85 HPs)
             Began as a Troll Chaos Knight on May 18, 2019.
             Was a Plaything of Xom.
             Slain by Sigmund
             ... wielding a +2 scythe of freezing
              (11 damage)
             ... on level 6 of the Dungeon.
             The game lasted 00:08:37 (3589 turns).

Mrkan the Basher (Troll Chaos Knight)               Turns: 3589, Time: 00:08:37

Health: 0/85       AC: 13    Str: 25    XL:     8   Next: 94%
Magic:  7/7        EV: 10    Int: 12    God:    Xom [*.....]
Gold:   267        SH:  0    Dex:  9    Spells: 7/7 levels left

rFire    + . .     SeeInvis .   x - +1 giant club (chaos)
rCold    . . .     Gourm    +   (shield currently unavailable)
rNeg     . . .     Faith    .   b - +2 robe
rPois    .         Spirit   .   (helmet restricted)
rElec    .         Reflect  .   (no cloak)
rCorr    .         Harm     .   (gloves unavailable)
MR       +....     Clarity  +   (boots unavailable)
Stlth    +.........             (no amulet)
HPRegen  0.64/turn              (no ring)
MPRegen  0.10/turn              (no ring)

@: no status effects
A: large, unfitting armour, claws 3, iridescent scales 1, rugged brown scales 1,
yellow scales 1, blink, clarity, clever 1, fire resistance 1, fast metabolism 3,
gourmand, magic resistance 1, regeneration 1, shaggy fur 1, strong 2, tough skin
3, wild magic 1
a: Blink, Renounce Religion


You were on level 6 of the Dungeon.
You worshipped Xom.
You were a special plaything of Xom.
You were very hungry.

You visited 1 branch of the dungeon, and saw 6 of its levels.

You collected 267 gold pieces.

Inventory:

Hand Weapons
 a - a +0 mace of chaos
 x - a +1 giant club of chaos (weapon)
Armour
 b - a +2 robe (worn)
 t - a scarf of cloud immunity
Jewellery
 d - an uncursed ring of resist corrosion {unknown}
 j - an uncursed ring of poison resistance {unknown}
 B - an uncursed amulet of magic regeneration {unknown}
Scrolls
 f - 4 scrolls of teleportation {unknown}
 g - 7 scrolls of identify {unknown}
 h - 3 scrolls of remove curse {unknown}
 i - 3 scrolls of magic mapping {unknown}
 k - 5 scrolls of blinking {unknown}
 o - a scroll of fear {unknown}
 p - 3 scrolls of fog {unknown}
 q - a scroll of random uselessness {unknown}
 s - a scroll of immolation {unknown}
 w - a scroll of enchant armour {unknown}
 y - a scroll of noise {unknown}
Potions
 e - 2 potions of haste {unknown}
 l - a potion of heal wounds {unknown}
 m - 3 potions of lignification {unknown}
 n - a potion of agility {unknown}
 r - 4 potions of degeneration {unknown}
 u - a potion of might {unknown}
 v - 2 potions of curing
 z - 2 potions of flight {unknown}
 A - 2 potions of cancellation {unknown}
Comestibles
 c - 15 rations


   Skills:
 + Level 6.1 Fighting
 * Level 9.2 Maces & Flails
 - Level 1.9 Dodging


You had 7 spell levels left.
You didn't know any spells.
Your spell library was empty.

Dungeon Overview and Level Annotations

Branches:
Dungeon (6/15)             Temple (0/1) D:5

Altars:
Hepliaklqana
Qazlal
Xom

Annotations:
D:4 2 transporters, Gabide's ghost, amateur HuHu
D:5 Edmund
D:6 Sigmund


Innate Abilities, Weirdness & Mutations

You are too large for most types of armour.
You have claws for hands.
Your metabolism is lightning-fast.
You like to eat raw meat.
Your natural rate of healing is unusually fast.
You are covered in fur. (AC +1)
You have extremely tough skin. (AC +3)
You are partially covered in iridescent scales. (AC +2)
You are partially covered in rugged brown scales. (AC +1, +3% HP)
You are partially covered in yellow scales. (AC +2)
You can translocate small distances at will.
You possess an exceptional clarity of mind.
Your mind is acute. (Int +2)
Your flesh is heat resistant. (rF+)
You are resistant to hostile enchantments. (MR+)
Your muscles are very strong. (Str +4)
Your spells are a little harder to cast, but a little more powerful.


Message History

You kill the orc!
The gnoll closely misses you. Something hits you.
* * * LOW HITPOINT WARNING * * *
Something freezes you.
* * * LOW HITPOINT WARNING * * *
The gnoll hits you but does no damage.
You sock the iguana!
The iguana is heavily wounded.
The iguana bites you but does no damage.
The gnoll hits you but does no damage.
You bludgeon the iguana!!
You kill the iguana!
Something hits you.
* * * LOW HITPOINT WARNING * * *
Something freezes you.
* * * LOW HITPOINT WARNING * * *
The gnoll completely misses you.
You barely miss the crimson imp. The crimson imp closely misses you.
Something hits you!
You die...

.....#..†.######.####
..#..#....>...........#
..#..#.#....######.##..
. ....#.##...# #.####
..##..#.##...######.###.
...................>....
#.....>....####..#.##.
..#.g{................
###@##..#####.####..
#5##..# #..
#.#####)##..# #..
#...........# #..
#######.##..# #..
#.......# #.# #.#.#...#
#.#.....# . ........


You could see a gnoll and a crimson imp.

Vanquished Creatures
  Pikel (D:5)
  An orc warrior (D:6)
  2 sky beasts
  A slave (D:5)
  3 ogres
  A centaur (D:5)
  Blork the orc (D:6)
  3 howler monkeys
  2 hounds
  2 orc priests
  Jessica (D:3)
  An iguana (D:6)
  3 orc wizards
  2 worker ants
  Robin (D:3)
  3 gnolls (D:6)
  7 adders
  An ooze (D:2)
  A worm (D:4)
  3 dart slugs
  4 leopard geckos
  10 orcs
  7 bats
  3 giant cockroaches
  18 goblins
  10 hobgoblins
  3 jackals (D:2)
  2 quokkas
  A ball python (D:1)
  3 frilled lizards
  9 kobolds
  A quokka zombie (D:5)
  9 rats
120 creatures vanquished.

Vanquished Creatures (collateral kills)
  2 phantoms (D:4)
  An orc (D:4)
3 creatures vanquished.

Vanquished Creatures (others)
  2 slaves (D:5)
  A hound (D:5)
  An orc wizard (D:4)
4 creatures vanquished.

Grand Total: 127 creatures vanquished

Notes
Turn   | Place    | Note
-------+----------+-------------------------------------------
     0 | D:1      | Mrkan the Troll Chaos Knight began the quest for the Orb.
     0 | D:1      | Reached XP level 1. HP: 22/22 MP: 0/0
   241 | D:1      | XOM: harmless Conj miscast
   286 | D:1      | Reached skill level 3 in Maces & Flails
   302 | D:1      | XOM: potion effect (might)
   306 | D:1      | Reached XP level 2. HP: 29/29 MP: 1/1
   612 | D:2      | Reached XP level 3. HP: 35/36 MP: 2/2
   745 | D:2      | Reached skill level 4 in Maces & Flails
   910 | D:2      | Reached XP level 4. HP: 45/45 MP: 3/3
  1027 | D:2      | XOM: god gift: knobbly runed staff {god gift}
  1244 | D:3      | Noticed Robin
  1246 | D:3      | Found a stormy altar of Qazlal.
  1262 | D:3      | Killed Robin
  1280 | D:3      | XOM: scenery: create altars
  1296 | D:3      | XOM: enchant monster (good)
  1303 | D:3      | Reached XP level 5. HP: 4/53 MP: 4/4
  1440 | D:3      | Noticed Jessica
  1447 | D:3      | Killed Jessica
  1836 | D:3      | XOM: cloud trail
  2015 | D:4      | Reached skill level 5 in Maces & Flails
  2064 | D:4      | Found a transporter.
  2087 | D:4      | Found a transporter.
  2089 | D:4      | Noticed Gabide's ghost (amateur HuHu)
  2132 | D:4      | Reached XP level 6. HP: 52/62 MP: 5/5
  2145 | D:4      | XOM: summons 5 friendly demons
  2332 | D:4      | XOM: fog
  2412 | D:4      | XOM: cleaving
  2425 | D:4      | XOM: cast spell 'Summon Mana Viper'
  2432 | D:4      | Reached skill level 6 in Maces & Flails
  2487 | D:4      | XOM: cloud trail
  2506 | D:4      | XOM: give mutations
  2506 | D:4      | Gained mutation: You are partially covered in iridescent
                  | scales. (AC +2) [Xom's grace]
  2506 | D:4      | Gained mutation: You possess an exceptional clarity of
                  | mind. [Xom's grace]
  2506 | D:4      | Gained mutation: Your spells are a little harder to cast,
                  | but a little more powerful. [Xom's grace]
  2541 | D:4      | XOM: give mutations
  2541 | D:4      | Gained mutation: You are partially covered in rugged brown
                  | scales. (AC +1, +3% HP) [Xom's grace]
  2541 | D:4      | Gained mutation: You are resistant to hostile enchantments.
                  | (MR+) [Xom's grace]
  2541 | D:4      | Gained mutation: Your muscles are strong. (Str +2) [Xom's
                  | grace]
  2541 | D:4      | Gained mutation: Your flesh is heat resistant. (rF+) [Xom's
                  | grace]
  2546 | D:4      | XOM: divination: magic mapping
  2552 | D:4      | Reached XP level 7. HP: 55/73 MP: 6/6
  2574 | D:4      | XOM: give mutations
  2574 | D:4      | Gained mutation: You are partially covered in yellow
                  | scales. (AC +2) [Xom's grace]
  2574 | D:4      | Gained mutation: Your muscles are very strong. (Str +4)
                  | [Xom's grace]
  2574 | D:4      | Gained mutation: You can translocate small distances at
                  | will. [Xom's grace]
  2574 | D:4      | Gained mutation: Your mind is acute. (Int +2) [Xom's grace]
  2642 | D:5      | Entered Level 5 of the Dungeon
  2774 | D:5      | Found a staircase to the Ecumenical Temple.
  2906 | D:5      | Found a hazy altar of Hepliaklqana.
  2940 | D:5      | Noticed Pikel
  2950 | D:5      | XOM: cleaving
  2964 | D:5      | Killed Pikel
  2964 | D:5      | Reached skill level 5 in Fighting
  2964 | D:5      | Reached skill level 8 in Maces & Flails
  2964 | D:5      | Reached XP level 8. HP: 21/82 MP: 7/7
  2967 | D:5      | Noticed Edmund
  2994 | D:5      | XOM: divine lightning
  3028 | D:5      | XOM: divination: detect creatures
  3034 | D:5      | XOM: cleaving
  3035 | D:5      | XOM: chaos upgrade
  3349 | D:5      | XOM: harmless Fire miscast
  3512 | D:6      | XOM: cast spell 'Alistair's Intoxication'
  3516 | D:6      | XOM: mild Chrm miscast
  3550 | D:6      | Noticed Blork the orc
  3554 | D:6      | Killed Blork the orc
  3563 | D:6      | XOM: enchant monster (bad)
  3563 | D:6      | Noticed Sigmund
  3567 | D:6      | Reached skill level 9 in Maces & Flails
  3589 | D:6      | Slain by Sigmund

Skill      XL: |  1  2  3  4  5  6  7  8 |
---------------+-------------------------+-----
Maces & Flails | 3 4 5 6 8 9 |  9.2
Fighting       | 3 4 5 6 |  6.1
Dodging        | |  1.9

Action                   |  1- 3 |  4- 6 |  7- 9 || total
-------------------------+-------+-------+-------++-------
Melee: Mace              |    64 |   218 |   107 ||   389
       Giant club        |       |       |    41 ||    41
  Use: Potion            |       |     1 |       ||     1
 Stab: Sleeping          |     1 |       |       ||     1
       Confused          |       |     1 |       ||     1
       Paralysed         |       |     1 |       ||     1
       Distracted        |       |     1 |       ||     1
       Petrified         |       |       |     1 ||     1
  Eat: Chunk             |     5 |    10 |     5 ||    20
       Ration            |       |     2 |     1 ||     3
Armor: Robe              |    34 |    98 |   105 ||   237
Dodge: Dodged            |    36 |   123 |    77 ||   236
